 Dungeon Crawl Stone Soup version 0.13.0-29-gdb529de (console) character file.

241 Fv001 the Shield-Bearer (level 5, 0/33 HPs)
             Began as a Gargoyle Fighter on Nov 16, 2013.
             Slain by an orc
             ... wielding a -1,+0 orcish short sword
              (2 damage)
             ... on Level 3 of the Dungeon.
             The game lasted 00:10:53 (1521 turns).

Fv001 the Shield-Bearer (Gargoyle Fighter)          Turns: 1521, Time: 00:10:53

HP   0/33        AC 11     Str 19      XL: 5   Next: 11%
MP   4/4         EV  6     Int 10      God:
Gold 113         SH 19     Dex  9      Spells:  0 memorised,  4 levels left

Res.Fire  : . . .   See Invis. : .   a - +0 mace
Res.Cold  : . . .   Warding    : .   b - +0 scale mail
Life Prot.: + . .   Conserve   : .   c - +0 shield
Res.Poison: +       Res.Corr.  : .   (no helmet)
Res.Elec. : +       Clarity    : .   (no cloak)
Sust.Abil.: . .     Spirit.Shd : .   (no gloves)
Res.Mut.  : .       Stasis     : .   (no boots)
Res.Rott. : +       Flight     : .   (no amulet)
Saprovore : . . .                    (no ring)
                                     (no ring)

@: slightly resistant to hostile enchantments, extremely unstealthy
A: fangs 1, talons 2, life protection 1, electricity resistance, slow metabolism
1, unbreathing, petrification resistance, AC +4
a: no special abilities


You were on level 3 of the Dungeon.
You were not hungry.

You visited 1 branch of the dungeon, and saw 3 of its levels.

You collected 93 gold pieces.

Inventory:

Hand weapons
 a - a +0,+0 mace (weapon)
Missiles
 e - 30 stones
 o - 20 darts (quivered)
Armour
 b - a +0 scale mail (worn)
 c - a +0 shield (worn)
Comestibles
 d - 4 bread rations
 m - a meat ration
 n - an apple
 r - an apricot
Scrolls
 f - a scroll of magic mapping {unknown}
 g - a scroll of curse armour {unknown}
 h - 2 scrolls of remove curse
 i - a scroll of amnesia {unknown}
 l - a scroll of fear {unknown}
 q - a scroll of random uselessness {unknown}
Jewellery
 j - a cursed ring of teleportation
Potions
 k - a potion of restore abilities


   Skills:
 + Level 3.9 Fighting
 + Level 2.9 Maces & Flails
 + Level 3.7 Armour
 + Level 1.4 Dodging
 + Level 4.6 Shields


You had 4 spell levels left.
You didn't know any spells.

Dungeon Overview and Level Annotations

Branches:
Dungeon (3/27)

Altars:


Innate Abilities, Weirdness & Mutations

You are resistant to torment.
You are immune to poison.
Your stone body is very resilient (AC +4).
You have very sharp teeth.
You have razor-sharp toenails.
You resist negative energy.
You are resistant to electric shocks.
You have a slow metabolism.
You can survive without breathing.
You are immune to petrification.


Message History

You hit the orc priest but do no damage.
You claw the orc priest.
The orc priest is heavily wounded.
The orc priest hits you but does no damage.
You block the orc's attack.
You hit the orc priest but do no damage.
The orc priest is heavily wounded.
You block the orc priest's attack. The orc completely misses you.
The orc priest hits you with an orcish dagger.
* * * LOW HITPOINT WARNING * * *
You hit the orc priest. Your kick misses the orc priest.
The orc priest is almost dead.
You block the orc's attack. You block the orc priest's attack.
You hit the orc priest but do no damage.
You claw the orc priest.
You kill the orc priest!
Your Dodging skill increases to level 1!
You have reached level 5!
The orc hits you with an orcish short sword.
You die...

. # ..... ...
......# ....
#......# .....
##......####.......
#.......#o)o.......
#......##@##.......
####......##.##
.....
###>........'...+
....
#...........##.##
...
#...........##.# .
#...........##.#
#......)....##.#
#..%........##.#
###'##......##.#


You could see 2 orcs.

Vanquished Creatures
  An orc priest (D:3)
  4 adders
  2 giant mites
  2 giant geckos
  2 orcs (D:3)
  2 giant cockroaches (D:1)
  2 goblins
  2 hobgoblins (D:3)
  6 jackals
  6 kobolds
  5 bats
  4 giant newts
  8 rats
46 creatures vanquished.

Notes
Turn   | Place    | Note
--------------------------------------------------------------
     0 | D:1      | Fv001, the Gargoyle Fighter, began the quest for the Orb.
     0 | D:1      | Reached XP level 1. HP: 14/14 MP: 0/0
   169 | D:1      | Reached XP level 2. HP: 17/19 MP: 1/1
   665 | D:2      | Reached XP level 3. HP: 21/24 MP: 2/2
   764 | D:2      | Reached skill level 4 in Shields
  1068 | D:2      | Reached XP level 4. HP: 28/28 MP: 3/3
  1521 | D:3      | Reached skill level 1 in Dodging
  1521 | D:3      | Reached XP level 5. HP: 2/33 MP: 4/4
  1521 | D:3      | Slain by an orc

Action                   |  1- 3 |  4- 6 || total
-------------------------+-------+-------++-------
Melee: Mace              |    79 |    60 ||   139
Throw: Dart              |     7 |       ||     7
  Use: Scroll            |     3 |     1 ||     4
